 Dungeon Crawl Stone Soup version 0.21.1-1-g345015f (webtiles) character file.

28 letownia2 the Conjurer (level 3, 0/19 HPs)
             Began as a Tengu Wizard on Mar 3, 2018.
             Succumbed to an adder's poison
             ... on level 3 of the Dungeon.
             The game lasted 00:03:51 (398 turns).

letownia2 the Conjurer (Tengu Wizard)                Turns: 398, Time: 00:03:52

Health: 0/19       AC:  3    Str:  7    XL:     3   Next: 14%
Magic:  0/17       EV: 17    Int: 19    God:
Gold:   80         SH:  0    Dex: 17    Spells: 0/8 levels left

rFire    . . .     SeeInvis .   e - +0 dagger
rCold    . . .     Gourm    .   (no shield)
rNeg     . . .     Faith    .   o - +0 leather armour
rPois    .         Spirit   .   b - +0 hat
rElec    .         Reflect  .   (no cloak)
rCorr    .         Harm     .   (no gloves)
MR       .....                  (boots unavailable)
Stlth    +++.......             (no amulet)
HPRegen  0.06/turn              i - ring of magical power
MPRegen  0.15/turn              (no ring)

@: agile, lethally poisoned (0 -> -12), very slightly contaminated
A: beak, talons 3
a: no special abilities


You were on level 3 of the Dungeon.
You were not hungry.

You visited 1 branch of the dungeon, and saw 4 of its levels.

You collected 80 gold pieces.

Inventory:

Hand Weapons
 e - a +0 dagger (weapon)
Missiles
 h - a throwing net (quivered)
 m - 2 tomahawks
Armour
 a - a +0 robe
 b - a +0 hat (worn)
 o - a +0 leather armour (worn)
Jewellery
 i - a ring of magical power (left hand)
Scrolls
 f - a scroll of enchant armour {unknown}
 k - 3 scrolls of remove curse {unknown}
Potions
 j - a potion of might {unknown}
 l - a potion of curing {unknown}
 p - a potion of heal wounds {unknown}
Books
 c - a book of Minor Magic

   Spells                             Type                      Level
   a - Magic Dart                     Conjuration                  1
   b - Blink                          Translocation                2
   c - Call Imp                       Summoning                    2
   d - Slow                           Hexes                        2
   e - Conjure Flame                  Conjuration/Fire             3
   f - Mephitic Cloud                 Conjuration/Poison/Air       3
Comestibles
 d - 5 rations
 n - 3 chunks of flesh


   Skills:
 - Level 2.1 Dodging
 - Level 2.0 Stealth
 - Level 3.0 Spellcasting
 + Level 4.0 Conjurations
 - Level 1.2 Summonings
 - Level 0.7 Translocations


You couldn't memorise any spells.
You knew the following spells:

 Your Spells              Type           Power        Failure   Level  Hunger
a - Magic Dart            Conj           ###.         4%          1    None
b - Blink                 Tloc           N/A          26%         2    ##.....
e - Mephitic Cloud        Conj/Pois/Air  #.......     36%         3    ###....
i - Call Imp              Summ           #.......     22%         2    ##.....


Dungeon Overview and Level Annotations

Branches:
Dungeon (4/15)
 Temple: D:4-7

Altars:


Innate Abilities, Weirdness & Mutations

You have a beak for a mouth.
You have claws for feet.


Message History

Unknown command.
Unknown command.
Unknown command.
Okay, then.
Casting: Magic Dart
Confirm with . or Enter, or press ? or * to list all spells.
Aiming: Magic Dart
Press: ? - help, Shift-Dir - straight line, f/p - adder
Aim: an adder (almost dead)
You miscast Magic Dart.
You are very lightly contaminated with residual magic.
Nothing appears to happen.
* * * LOW HITPOINT WARNING * * *
You feel sick. The bat closely misses you. The adder bites you.
* * * LOW HITPOINT WARNING * * *
Unknown command.
Unknown command.
It was a potion of agility.
You feel agile all of a sudden.
You die...

.. .... .#. ... ...[
..## .##. ..... ... .
... .....###..### ..#..
......b.....#...% ......
..........#.#..... .....
.... #@..#.#..#.# #.#..
.....##S#.#.#..#.###....
.......K................
...............#........
....###....##..#.####...
........................
.(.........##...†####...
........................
...........†....#.#....


You could see an adder, a bat and a kobold.

Vanquished Creatures
  A worm (D:3)
  2 bats (D:3)
  2 giant cockroaches (D:1)
  4 goblins
  A hobgoblin (D:3)
  5 jackals (D:3)
  A quokka (D:4)
  A frilled lizard (D:3)
  3 kobolds (D:1)
  3 rats
23 creatures vanquished.

Notes
Turn   | Place    | Note
-------+----------+-------------------------------------------
     0 | D:1      | letownia2 the Tengu Wizard began the quest for the Orb.
     0 | D:1      | Reached XP level 1. HP: 10/10 MP: 5/5
    51 | D:1      | Reached skill level 2 in Conjurations
    86 | D:1      | Reached XP level 2. HP: 6/15 MP: 1/7
   139 | D:1      | Reached skill level 3 in Conjurations
   190 | D:2      | Learned a level 2 spell: Call Imp
   335 | D:3      | Reached XP level 3. HP: 11/19 MP: 1/8
   340 | D:3      | Learned a level 3 spell: Mephitic Cloud
   343 | D:3      | Learned a level 2 spell: Blink
   370 | D:3      | Reached skill level 4 in Conjurations
   398 | D:3      | Succumbed to an adder's poison

Skill      XL: |  1  2  3 |
---------------+----------+-----
Conjurations   | 2 3 4 |  4.0
Dodging        | |  2.1
Stealth        | |  2.0
Spellcasting   | |  3.0
Summonings     | |  1.2
Translocations | |  0.7

Action                   || total
-------------------------++-------
Melee: Unarmed           ||    15
       Kick              ||     3
       Peck              ||     5
       Dagger            ||    13
 Cast: Magic Dart        ||    49
  Use: Potion            ||     1
Armor: Robe              ||     7
       Leather armour    ||     4
Dodge: Dodged            ||    21
